AoeStats
← tosho_naldjiev

Hideout

508601533Analyzed
1v1 RM · 8d ago on Sep 23, 2026· 35m 54s· 2 players
Game mode
Random Map
Map size
Tiny (2 player)
Population
200
Speed
Normal
Resources
Standard
Victory
Conquest
Starting age
Dark Age
Ending age
Imperial Age
RankedLock teamsTeams togetherTeam positionsShared explorationLock speedFull tech treeHidden civsTurbo modeCheats
Victory
Defeat
🇧🇬 Bulgarians · Bulgaria
797
+14
🇮🇩 Lithuanians · Indonesia
753
-14
tosho_naldjiev
9:55 Feudal Age
17:51 Castle Age
16:41 Double-Bit Axe
16:44 Horse Collar
20:00 Bow Saw
33:54 Squires
33:15 Pikeman
absurda79
4:47 Loom
10:02 Feudal Age
11:36 Double-Bit Axe
11:34 Horse Collar
16:36 Stone Mining
21:39 Castle Age
21:03 Bloodlines
21:08 Forging
22:10 Scale Barding Armor
22:47 Wheelbarrow
22:46 Husbandry
25:48 Bow Saw
25:48 Heavy Plow
31:35 Light Cavalry
33:49 Iron Casting
33:36 Chain Barding Armor
33:59 Fletching
34:09 Padded Archer Armor
33:34 Elite Skirmisher
34:36 Squires
34:48 Scale Mail Armor
34:40 Pikeman
35:06 Arson
36:24 Stone Shaft Mining
35:40 Gold Mining
Connection lost

Rejoining the realm…

Still unreachable

The connection could not be restored.

Session expired

The server has moved on; the page needs a fresh start.